 Dungeon Crawl Stone Soup version 0.22-a0-377-g846bec1 (webtiles) character file.

5392 iamserjio the Spear-Bearer (level 10, -4/105 HPs)
             Began as a Demonspawn Skald on Apr 27, 2018.
             Slain by a killer bee (11 damage)
             ... on level 8 of the Dungeon.
             The game lasted 00:33:18 (9962 turns).

iamserjio the Spear-Bearer (Demonspawn Skald)       Turns: 9962, Time: 00:33:19

Health: -4/105     AC: 25    Str: 23    XL:     10   Next: 39%
Magic:  17/17      EV:  2    Int: 19    God:
Gold:   587        SH:  0    Dex: 17    Spells: 7/18 levels left

rFire    . . .     SeeInvis .   C - +6 trident of Viycvako {elec, *Drain Str+8 Int+4}
rCold    . . .     Gourm    .   (no shield)
rNeg     + + +     Faith    .   (armour currently unavailable)
rPois    +         Spirit   .   (helmet currently unavailable)
rElec    .         Reflect  .   (cloak currently unavailable)
rCorr    .         Harm     .   (gloves currently unavailable)
MR       .....     NoTele   +   (boots currently unavailable)
Stlth    ++........             I - amulet of magic regeneration
HPRegen  0.27/turn              o - +3 ring of evasion
MPRegen  0.40/turn              l - ring of positive energy

@: confused, agile, lethally poisoned (-4 -> -37), tree-form
A: demonic guardian 1, powered by pain 1
a: no special abilities


You were on level 8 of the Dungeon.
You were near starving.
You were a tree.
You visited 1 branch of the dungeon, and saw 9 of its levels.

You collected 587 gold pieces.

Inventory:

Hand Weapons
 C - the +6 trident of Viycvako (weapon) {elec, *Drain Str+8 Int+4}
   (You found it on level 4 of the Dungeon)

   Occasionally, upon striking a foe, it will discharge some electrical energy
   and cause terrible harm.
   It affects your strength (+8).
   It affects your intelligence (+4).
   It causes draining when unequipped.
Armour
 q - a +0 ring mail (melded)
 s - a +0 pair of gloves (melded)
 u - a +0 chain mail
 y - a +0 pair of boots (melded)
 M - a +1 robe of resistance
Jewellery
 l - a ring of positive energy (right branch)
 o - a +3 ring of evasion (left branch)
 w - an uncursed ring of flight
 I - an amulet of magic regeneration (around neck)
Wands
 j - a wand of acid (3)
 K - a wand of flame (31)
 L - a wand of disintegration (14)
Scrolls
 e - 6 scrolls of teleportation
 f - 3 scrolls of remove curse
 k - 3 scrolls of immolation {unknown}
 m - 3 scrolls of enchant armour {unknown}
 z - 3 scrolls of amnesia {unknown}
 A - 2 scrolls of enchant weapon {unknown}
 B - a scroll of fog {unknown}
 H - a scroll of fear {unknown}
 J - a scroll of brand weapon {unknown}
 Q - a scroll of blinking {unknown}
Potions
 b - a potion of invisibility {unknown}
 c - a potion of berserk rage {unknown}
 h - 3 potions of haste
 p - 3 potions of ambrosia
 t - 3 potions of agility
 v - a potion of flight {unknown}
 x - 3 potions of lignification
 D - a potion of might {unknown}
 E - 2 potions of mutation {unknown}
 F - 4 potions of curing {unknown}
 G - a potion of cancellation {unknown}
 N - 2 potions of resistance {unknown}
 O - a potion of brilliance {unknown}
Miscellaneous
 P - a lamp of fire
Comestibles
 d - 18 rations


   Skills:
 + Level 3.0 Fighting
   Level 3.2 Maces & Flails
 * Level 8.8 Polearms
 + Level 6.5 Armour
 + Level 5.5 Dodging
 + Level 4.7 Spellcasting
 - Level 1.0 Hexes
 - Level 5.2 Charms


You had 7 spell levels left.
You knew the following spells:

 Your Spells              Type           Power        Failure   Level  Hunger
a - Infusion              Chrm           ###.         1%          1    None
b - Shroud of Golubria    Chrm/Tloc      ##........   7%          2    #......
c - Spectral Weapon       Hex/Chrm       ###.....     11%         3    ##.....
d - Song of Slaying       Chrm           ###.....     2%          2    #......
e - Regeneration          Chrm/Necr      ##........   13%         3    ##.....


Dungeon Overview and Level Annotations

Branches:
Dungeon (9/15)             Temple (0/1) D:7
   Lair: D:8-11         Orc: D:9-12

Altars:
Ashenzari
Cheibriados
Dithmenos
Gozag
Hepliaklqana
Qazlal
Uskayaw
Xom

Annotations:
D:5 Galewind's ghost, novice DEFE


Innate Abilities, Weirdness & Mutations

((You have a pair of antennae on your head.))
((You have very sharp fingernails.))
((You have large cloven feet.))
A weak demonic guardian rushes to your aid.
You sometimes gain a little power by taking damage.


Message History

The killer bee closely misses you. The killer bee misses you.
The killer bee stings you!
* * * LOW HITPOINT WARNING * * *
The killer bee misses you. The killer bee barely misses you. x2
The killer bee misses you. The killer bee closely misses you.
The killer bee completely misses you.
You're too confused!
Unknown command.
You're too confused!
You turn into a tree.
Your +0 pair of gloves melds into your body.
Your +0 pair of boots melds into your body.
Your +0 ring mail melds into your body.
Your roots penetrate the ground.
* * * LOW HITPOINT WARNING * * *
You feel very sick. The killer bee stings you.
* * * LOW HITPOINT WARNING * * *
The killer bee stings you but does no damage. x3
The killer bee stings you!
You die...

#..# #.#..###...# ##.........
##.### ##...## #..####..########
#...# #...## #.......## ######
###.###..## #...>##### #.....
#####.##...# #..#.....###.####
.........#.# #).#.###....<#
#####)####.# ####..#.# ##...## #
#.# #.# #..yy...# #...## #####.##
#.# #..♣y...###.#.#
.......###.###......##...#.##
######.................###..#####
#.######.........>...#.#...# #.#
##........#####.<.....# #.#
#...###.### ###<....# #
#.####.#..##)# ###...# ###
#.##...##....# #...#
).####.##.#####..## #...#


You could see 3 killer bees.

Vanquished Creatures
  A two-headed ogre (D:8)
  Psyche (D:8)
  Grinder (D:5)
  A hippogriff (D:9)
  Sigmund (D:5)
  Grum (D:9)
  Menkaure (D:5)
  Edmund (D:6)
  2 ice beasts (D:7)
  A black bear (D:7)
  3 phantoms
  3 ogres
  3 wolves (D:9)
  3 centaurs (D:7)
  2 big kobolds
  2 bullfrogs (D:9)
  A scorpion (D:5)
  25 killer bees
  6 wights
  A crimson imp (D:6)
  2 bullfrog zombies
  A jelly (D:5)
  5 orc priests
  A hound (D:7)
  2 orc wizards (D:8)
  6 worker ants
  A hound zombie (D:5)
  A howler monkey zombie (D:7)
  A worker ant zombie (D:7)
  6 gnolls
  7 adders
  3 shadow imps
  2 oozes
  An adder zombie (D:9)
  5 worms
  A dart slug (D:3)
  5 leopard geckos
  6 orcs
  2 ball pythons
  7 giant cockroaches
  12 hobgoblins
  15 jackals
  6 kobolds
  2 quokkas
  4 bats
  5 frilled lizards
  5 goblins
  A leopard gecko skeleton (D:5)
  11 rats
186 creatures vanquished.

Vanquished Creatures (collateral kills)
  A bullfrog skeleton (D:4)
1 creature vanquished.

Vanquished Creatures (others)
  9 spectral weapons
9 creatures vanquished.

Grand Total: 196 creatures vanquished

Notes
Turn   | Place    | Note
-------+----------+-------------------------------------------
     0 | D:1      | iamserjio the Demonspawn Skald began the quest for the Orb.
     0 | D:1      | Reached XP level 1. HP: 16/16 MP: 3/3
   414 | D:1      | Reached skill level 1 in Armour
   761 | D:1      | Gained mutation: You have sharp fingernails. [demonic ancestry]
   761 | D:1      | Reached XP level 2. HP: 22/22 MP: 1/5
  1618 | D:2      | Gained mutation: You have a pair of small antennae on your head. [demonic ancestry]
  1618 | D:2      | Reached XP level 3. HP: 19/27 MP: 0/6
  1709 | D:2      | Learned a level 2 spell: Shroud of Golubria
  1862 | D:2      | Found an opulent altar of Gozag.
  2576 | D:3      | Found a shattered altar of Ashenzari.
  2600 | D:3      | Found a stormy altar of Qazlal.
  2678 | D:3      | Gained mutation: A weak demonic guardian rushes to your aid. [demonic ancestry]
  2678 | D:3      | Reached XP level 4. HP: 28/33 MP: 2/7
  3737 | D:3      | Gained mutation: You have very sharp fingernails. [demonic ancestry]
  3737 | D:3      | Reached XP level 5. HP: 38/38 MP: 3/9
  4384 | D:4      | Got a polished trident
  4385 | D:4      | Identified the +6 trident of Viycvako {elec, *Drain Str+8 Int+4} (You found it on level 4 of the Dungeon)
  4452 | D:4      | Noticed an ogre
  4456 | D:4      | Killed an ogre
  4456 | D:4      | Reached skill level 1 in Polearms
  4683 | D:4      | Gained mutation: You have a pair of antennae on your head. [demonic ancestry]
  4683 | D:4      | Reached XP level 6. HP: 44/44 MP: 10/10
  4815 | D:5      | Entered Level 5 of the Dungeon
  4996 | D:5      | Reached skill level 2 in Polearms
  5303 | D:5      | Noticed Menkaure
  5305 | D:5      | Killed Menkaure
  5305 | D:5      | Gained mutation: You sometimes gain a little power by taking damage. [demonic ancestry]
  5305 | D:5      | Reached XP level 7. HP: 50/50 MP: 12/12
  5473 | D:5      | Noticed Grinder
  5481 | D:5      | Killed Grinder
  5481 | D:5      | Reached skill level 3 in Polearms
  5481 | D:5      | Reached skill level 5 in Charms
  5679 | D:5      | Noticed Sigmund
  5781 | D:5      | Killed Sigmund
  5838 | D:5      | Noticed Galewind's ghost (novice DEFE)
  6124 | D:4      | Learned a level 3 spell: Spectral Weapon
  6140 | D:6      | Noticed Edmund
  6149 | D:6      | Killed Edmund
  6149 | D:6      | Reached skill level 4 in Polearms
  6149 | D:6      | Gained mutation: You have large cloven feet. [demonic ancestry]
  6149 | D:6      | Reached XP level 8. HP: 54/56 MP: 8/14
  6362 | D:6      | Found a shadowy altar of Dithmenos.
  6511 | D:6      | Found a hide-covered altar of Uskayaw.
  6549 | D:6      | Reached skill level 1 in Hexes
  6713 | D:6      | Reached skill level 5 in Polearms
  6759 | D:6      | You fall through a shaft for 3 floors!
  6825 | D:7      | Found a staircase to the Ecumenical Temple.
  6972 | D:7      | Found a shimmering altar of Xom.
  7026 | D:7      | Reached skill level 6 in Polearms
  7047 | D:7      | Reached XP level 9. HP: 49/61 MP: 12/15
  7249 | D:7      | Reached skill level 5 in Armour
  7438 | D:7      | Learned a level 2 spell: Song of Slaying
  7850 | D:8      | Noticed Psyche
  7860 | D:8      | Killed Psyche
  7860 | D:8      | Reached skill level 7 in Polearms
  8077 | D:8      | Noticed a two-headed ogre
  8131 | D:8      | Killed a two-headed ogre
  8131 | D:8      | Reached skill level 8 in Polearms
  8131 | D:8      | Reached skill level 5 in Dodging
  8250 | D:8      | Learned a level 3 spell: Regeneration
  8360 | D:8      | Reached XP level 10. HP: 65/67 MP: 16/16
  8580 | D:9      | Noticed Grum
  8586 | D:9      | Killed Grum
  9057 | D:9      | Found a hazy altar of Hepliaklqana.
  9242 | D:9      | Found a snail-covered altar of Cheibriados.
  9962 | D:8      | Slain by a killer bee

Vault maps used:
D:1:      scummos_arrival_simple_fountains
D:2:      nicolae_overflow_hidden_temple, minmay_unequal
D:3:      nicolae_qazlal_eye_of_the_storm, ashenzari_altar_1, first_ration
D:5:      uniq_grinder, uniq_menkaure, uniq_sigmund
D:6:      minmay_diamond_boxcup, basic_altar, grunt_dithmenos_smoke, uniq_edmund
D:7:      hangedman_cross_stitches, lemuel_crystal_altar,
          minmay_temple_entry_grid
D:8:      uniq_psyche
D:9:      nicolae_overflow_crystal_walls, slow_altar_1, special_room, uniq_grum

Skill      XL: |  1  2  3  4  5  6  7  8  9 10 |
---------------+-------------------------------+-----
Armour         | 1 2 3 4 6 |  6.5
Maces & Flails | 2 3 |  3.2
Charms         | 3 4 5 |  5.2
Polearms       | 1 2 4 6 8 |  8.8
Spellcasting   | 3 4 |  4.7
Dodging        | 3 5 |  5.5
Hexes          | 1 |  1.0
Fighting       | 3 |  3.0

Action                   |  1- 3 |  4- 6 |  7- 9 | 10-12 || total
-------------------------+-------+-------+-------+-------++-------
Melee: Mace              |   141 |   118 |       |       ||   259
       Trident           |       |    36 |   179 |    98 ||   313
 Cast: Infusion          |    18 |    11 |       |     1 ||    30
       Shroud of Golubri |     2 |     8 |    11 |     7 ||    28
       Spectral Weapon   |       |       |    13 |     9 ||    22
Evoke: Wand              |       |     1 |     2 |       ||     3
  Use: Scroll            |       |     1 |       |     7 ||     8
       Potion            |       |       |       |     4 ||     4
  Eat: Chunk             |     6 |     8 |     8 |     5 ||    27
       Ration            |       |     1 |       |       ||     1
Armor: Leather armour    |    59 |    36 |       |       ||    95
       Ring mail         |       |     7 |    33 |    44 ||    84
       Skin              |       |       |       |     3 ||     3
Dodge: Dodged            |    93 |   117 |    90 |   164 ||   464

Table legend:
 A = Spawn XP
 B = Non-spawn XP
 C = Spawn XP percentage of total XP
 D = Spawn monster count
 E = Non-spawn monster count
 F = Spawn count percentage of total count
 G = Total turns spent on level
                    A         B        C        D         E        F      G
               +---------+---------+-------+---------+---------+-------+---------
         Total |       0 |    7704 |   0.0 |       0 |     187 |   0.0 |  9962
               +---------+---------+-------+---------+---------+-------+---------
           D:1 |       0 |      36 |   0.0 |       0 |      21 |   0.0 |  1604
           D:2 |       0 |      49 |   0.0 |       0 |      22 |   0.0 |   955
           D:3 |       0 |     155 |   0.0 |       0 |      35 |   0.0 |  1594
           D:4 |       0 |     142 |   0.0 |       0 |       4 |   0.0 |  1000
           D:5 |       0 |    1030 |   0.0 |       0 |      17 |   0.0 |   979
           D:6 |       0 |     706 |   0.0 |       0 |      13 |   0.0 |   703
           D:7 |       0 |    1578 |   0.0 |       0 |      29 |   0.0 |   945
           D:8 |       0 |    2008 |   0.0 |       0 |      18 |   0.0 |  1016
           D:9 |       0 |    2000 |   0.0 |       0 |      28 |   0.0 |  1166
               +---------+---------+-------+---------+---------+-------+---------
